 Dungeon Crawl Stone Soup version 0.26-a0-520-g952f204493 (webtiles) character file.

Game seed: 2396746429016028100

7 KristoblXynda the Ducker (level 1, -2/16 HPs)
             Began as a Vampire Gladiator on Aug 12, 2020.
             Slain by a gnoll (7 damage)
             ... on level 1 of the Dungeon.
             The game lasted 00:00:19 (221 turns).

KristoblXynda the Ducker (Vampire Gladiator)         Turns: 221, Time: 00:00:19

Health: -2/16      AC:  4    Str: 13    XL:     1   Next: 91%
Magic:  1/1        EV: 13    Int: 10    God:
Gold:   13         SH:  0    Dex: 15    Spells: 0/0 levels left

rFire    . . .     SeeInvis +   a - +0 long sword
rCold    . . .     Faith    .   (no shield)
rNeg     . . .     Spirit   .   b - +0 leather armour
rPois    .         Reflect  .   c - +0 helmet
rElec    .         Harm     .   (no cloak)
rCorr    .                      (no gloves)
MR       .....                  (no boots)
Stlth    +.........             (no amulet)
HPRegen  0.25/turn              (no ring)
MPRegen  0.07/turn              (no ring)

@: regenerating quickly
A: fangs 3, see invisible, unbreathing
a: Exsanguinate


You were on level 1 of the Dungeon.
You visited 1 branch of the dungeon, and saw 1 of its levels.

You collected 13 gold pieces.

Inventory:

Hand Weapons
 a - a +0 long sword (weapon)
Missiles
 d - 3 throwing nets (quivered)
Armour
 b - a +0 leather armour (worn)
 c - a +0 helmet (worn)
Jewellery
 i - an uncursed ring of magical power {unknown}
Scrolls
 f - 3 scrolls of enchant armour {unknown}
Potions
 e - a potion of brilliance {unknown}
 g - 2 potions of curing {unknown}
 h - a potion of lignification {unknown}


   Skills:
 + Level 2.0 Fighting
 + Level 3.1 Long Blades
 + Level 1.7 Throwing
 + Level 3.4 Dodging


You couldn't memorise any spells.
You didn't know any spells.
Your spell library was empty.

Dungeon Overview and Level Annotations

Branches:
Dungeon (1/15)

Altars:


Innate Abilities, Weirdness & Mutations

Your natural rate of healing is unusually fast.
You have razor-sharp teeth.
You have supernaturally acute eyesight. (SInv)
You can survive without breathing.


Message History

You closely miss the leopard gecko. You bite the leopard gecko.
You kill the leopard gecko!
Your Fighting skill increases to level 2!
Found a stone staircase leading down.
Found a stone staircase leading down.
You enter the shallow water.
Moving in this stuff is going to be slow.
You enter the shallow water.
Moving in this stuff is going to be slow.
A gnoll comes into view.
The gnoll shouts!
A gnoll is nearby!
The gnoll hits you.
You hit the gnoll. You bite the gnoll.
The gnoll is lightly wounded.
The gnoll hits you.
You hit the gnoll but do no damage. Your bite misses the gnoll.
The gnoll is lightly wounded.
The gnoll hits you!
You die...

#. #. #.# #. #.#
#. #.# #. #.# #
#.###.# .###
#.g##.# #...
#@##.# #..#
#.##.### ####>.#
#.##...#####≈##..#
#......≈≈...≈....#
#######.≈≈.#≈≈≈...
#.##≈≈.#..≈≈.
##.#.####≈≈.#
##..##≈≈≈#..
#.#.≈≈≈#####


You could see a gnoll.

Vanquished Creatures
  A leopard gecko (D:1)
  A ball python (D:1)
  A giant cockroach (D:1)
  A hobgoblin (D:1)
  A bat (D:1)
  A rat (D:1)
6 creatures vanquished.

Notes
Turn   | Place    | Note
-------+----------+-------------------------------------------
     0 | D:1      | KristoblXynda the Vampire Gladiator began the quest for the
                  | Orb.
     0 | D:1      | Reached XP level 1. HP: 16/16 MP: 1/1
   221 | D:1      | Slain by a gnoll

Illustrated notes

Levels and vault maps discovered:
D:1:      saegor_arrival_miasma, layout_loops_ring,
          chequers_serial_rivers_small_b, minmay_tetromino_t4

Skill      XL: |  1 |
---------------+----+-----
Fighting       | 2 |  2.0
Long Blades    | |  3.1
Throwing       | |  1.7
Dodging        | |  3.4

Action                   || total
-------------------------++-------
Melee: Long sword        ||    15
       Bite              ||     2
Armor: Leather armour    ||     5
Dodge: Dodged            ||     9
       Rpst.: Long sword ||     1

Table legend: (Time is in decaauts)
 A = Elapsed time spent in this place.
 B = Non-inter-level travel time spent in this place.
 C = Inter-level travel time spent in this place.
 D = Time resting spent in this place.
 E = Time spent auto-exploring this place.
 F = Levels seen in this place.
 G = Mean time per level.
                   A        B        C        D        E       F      G
               +--------+--------+--------+--------+--------+-----+--------+
         Total |    225 |    225 |      0 |      0 |    164 |   1 |  225.0 |
       Dungeon |    225 |    225 |      0 |      0 |    164 |   1 |  225.0 |
               +--------+--------+--------+--------+--------+-----+--------+

Top non-repeatable levels by time:
     D:1: 225 daAuts
